 Dungeon Crawl Stone Soup version 0.32-a0-871-ge202e49faa (webtiles) character file.

Game seed: 5185035489994168690

109 Griffin23 the Covered (level 4, -4/41 HPs)
             Began as a Minotaur Fighter on Mar 29, 2024.
             Killed by nerve-wracking pain
             ... invoked by an orc priest
              (6 damage)
             ... on level 3 of the Dungeon.
             The game lasted 00:03:20 (1717 turns).

Griffin23 the Covered (Minotaur Fighter)            Turns: 1717, Time: 00:03:20

Health: -4/41      AC:  7    Str: 23    XL:     4   Next: 59%
Magic:  3/3        EV:  8    Int:  5    God:
Gold:   73         SH:  4    Dex:  9    Spells: 3/3 levels left

rFire   . . .        a - +0 long sword
rCold   . . .        c - +0 buckler
rNeg    . . .        b - +0 scale mail
rPois   .            (helmet restricted)
rElec   .            (no cloak)
rCorr   .            (no gloves)
SInv    .            (no boots)
Will    .....        (no amulet) Stlth
                     (no ring)
HPRegen 0.26/turn    (no ring)
MPRegen 0.08/turn

%: no passive effects
@: no status effects
A: horns 2, retaliatory headbutt
a: Convert to Beogh


You were on level 3 of the Dungeon.
You visited 1 branch of the dungeon, and saw 3 of its levels.

You collected 73 gold pieces.

Inventory:

Hand Weapons
 a - a +0 long sword (weapon)
Armour
 b - a +0 scale mail (worn)
 c - a +0 buckler (worn)
Jewellery
 f - a ring of willpower
 g - a +4 ring of protection
 m - a +6 ring of intelligence
Scrolls
 e - a scroll of blinking {unknown}
Potions
 d - a potion of might
 h - a potion of ambrosia {unknown}
 i - 2 potions of curing {unknown}
 j - a potion of haste {unknown}
 k - a potion of lignification {unknown}
 l - a potion of enlightenment {unknown}


   Skills:
 + Level 4.3 Fighting
 * Level 4.1 Long Blades
 + Level 4.3 Armour
 + Level 4.3 Shields


You had 3 spell levels left.
You didn't know any spells.
Your spell library was empty.

Dungeon Overview and Level Annotations

Branches:
Dungeon (3/15)

Altars:
Uskayaw


Innate Abilities, Weirdness & Mutations

You have a pair of horns on your head.
You reflexively headbutt those who attack you in melee.


Message History

The orc priest looks encouraged for a moment.
The orc priest threatens, "Beogh's wrath is as vast as their mercy.
Make your choice!" (press Y on the ability menu to convert to Beogh)
Your Long Blades skill increases to level 4!
You slash the orc!
You kill the orc!
The orc closely misses you.
You closely miss the orc. You headbutt the orc.
The orc is heavily wounded.
The orc priest calls upon Beogh to heal the orc.
The orc's wounds heal themselves!
You hit the orc.
The orc is severely wounded.
The orc hits you but does no damage. The kobold hits you but does no damage.
You hit the orc.
You kill the orc!
The orc priest invokes the aid of Beogh against you.
Beogh smites you!
* * * LOW HITPOINT WARNING * * *
The kobold hits you but does no damage.
You are too injured to fight recklessly!
You are too injured to fight recklessly!
You hit the orc priest but do no damage.
The orc priest shouts, "Beogh offers mercy even to people such as you.
Join us and be reborn!"
The orc priest hits you but does no damage.
The kobold hits you but does no damage. You block the kobold's attack.
The orc priest hits you with a +0 short sword.
* * * LOW HITPOINT WARNING * * *
You completely miss the orc priest.
The orc priest shouts, "Beogh offers mercy even to people such as you.
Join us and be reborn!"
The orc priest shouts, "Surrender to Beogh and we'll let you live!"
The orc priest hits you with a +0 short sword.
* * * LOW HITPOINT WARNING * * *
The kobold barely misses you. You furiously retaliate!
You headbutt the kobold!
You kill the kobold!
You hit the orc priest.
The orc priest is lightly wounded.
The orc priest calls down the wrath of Beogh upon you.
Pain shoots through your body!
You die...

........## .#........
######### ### ... # #?# #
#o## ##### #####@)###
.#.###..†. #.....)..#
#.........#
#.####.....#....####.#
#...####......####...#
##....####..####...... #
##.....# ###.....### #.
##.....######.....###
#####.##....####..####....##
..........####......####...#


You could see an orc priest.

Vanquished Creatures
  A hound (D:3)
  An orc wizard (D:3)
  A dart slug (D:2)
  2 ribbon worms
  3 orcs (D:3)
  8 endoplasms
  2 giant cockroaches (D:1)
  4 goblins
  3 hobgoblins (D:1)
  6 ball pythons
  3 bats
  4 frilled lizards
  2 kobolds
  7 rats
47 creatures vanquished.

Notes
Turn   | Place    | Note
-------+----------+-------------------------------------------
     0 | D:1      | Griffin23 the Minotaur Fighter began the quest for the Orb.
     0 | D:1      | Reached XP level 1. HP: 19/19 MP: 0/0
   157 | D:1      | Found a faded altar of an unknown god.
   221 | D:1      | Reached XP level 2. HP: 27/27 MP: 1/1
   866 | D:2      | Found a hide-covered altar of Uskayaw.
  1035 | D:2      | Identified the staff "Fomiosym" {rN+ Dex+3 Necro Tloc}
  1043 | D:2      | Reached XP level 3. HP: 31/33 MP: 2/2
  1508 | D:3      | Reached XP level 4. HP: 40/40 MP: 3/3
  1716 | D:3      | HP: 2/41 [orc priest/+0 short sword (5)]
  1717 | D:3      | Killed from afar by an orc priest

Illustrated notes

Levels and vault maps discovered:
D:1:      erik_arrival_blinker_ship, layout_loops_corners,
          ebering_ecumenical_altar_hall, hangedman_feature_mirror
D:2:      layout_basic, basic_altar, hangedman_decor_diamond_cutter,
          kennysheep_generic_room_12
D:3:      layout_loops_ring, serial_shops, nicolae_shop_real_fake_doors,
          minmay_misc_feat_x, uniq_robin

Skill      XL: |  1  2  3  4 |
---------------+-------------+-----
Long Blades    | 3 4 |  4.1
Armour         | 4 |  4.3
Shields        | 4 |  4.3
Fighting       | 4 |  4.3

Action                     |  1- 3 |  4- 6 || total
---------------------------+-------+-------++-------
  Melee: Long sword        |    79 |    29 ||   108
         Headbutt          |    10 |     8 ||    18
 Armour: Scale mail        |    48 |    24 ||    72
  Dodge: Dodged            |    32 |    10 ||    42
  Block: Buckler           |    20 |     3 ||    23

Table legend: (Time is in decaauts)
 A = Elapsed time spent in this place.
 B = Non-inter-level travel time spent in this place.
 C = Inter-level travel time spent in this place.
 D = Time resting spent in this place.
 E = Time spent auto-exploring this place.
 F = Levels seen in this place.
 G = Mean time per level.
                   A        B        C        D        E       F      G
               +--------+--------+--------+--------+--------+-----+--------+
         Total |   1746 |   1684 |     62 |      0 |   1376 |   3 |  582.0 |
       Dungeon |   1746 |   1684 |     62 |      0 |   1376 |   3 |  582.0 |
               +--------+--------+--------+--------+--------+-----+--------+

Top non-repeatable levels by time:
     D:1: 855 daAuts
     D:2: 640 daAuts
     D:3: 250 daAuts
